 Dungeon Crawl Stone Soup version 0.23-a0-171-g5ae17c6e89 (console) character file.

54 Heliocid the Grave Robber (level 3, -1/19 HPs)
             Began as a Deep Elf Necromancer on Sept 15, 2018.
             Slain by a gnoll
             ... wielding a cursed -2 spear
              (5 damage)
             ... on level 2 of the Dungeon.
             The game lasted 00:07:15 (1438 turns).

Heliocid the Grave Robber (Deep Elf Necromancer)    Turns: 1438, Time: 00:07:15

Health: -1/19      AC:  2    Str:  5    XL:     3   Next: 66%
Magic:  1/10       EV: 13    Int: 20    God:
Gold:   42         SH:  0    Dex: 15    Spells: 7/9 levels left

rFire    . . .     SeeInvis .   d - +0 short sword
rCold    . . .     Gourm    .   (no shield)
rNeg     . . .     Faith    .   a - +0 robe
rPois    .         Spirit   .   (no helmet)
rElec    .         Reflect  .   (no cloak)
rCorr    .         Harm     .   (no gloves)
MR       .....                  (no boots)
Stlth    ++........             (no amulet)
HPRegen  0.06/turn              (no ring)
MPRegen  0.12/turn              (no ring)

@: no status effects
A: no striking features
a: no special abilities


You were on level 2 of the Dungeon.
You were very hungry.

You visited 1 branch of the dungeon, and saw 2 of its levels.

You collected 42 gold pieces.

Inventory:

Hand Weapons
 d - a +0 short sword (weapon)
Missiles
 b - 26 bolts
 h - 16 arrows
Armour
 a - a +0 robe (worn)
Scrolls
 e - a scroll of enchant weapon {unknown}
 f - a scroll of remove curse {unknown}
 g - a scroll of identify {unknown}
Potions
 i - 2 potions of brilliance {unknown}
 j - a potion of heal wounds {unknown}
Comestibles
 c - 2 rations


   Skills:
 + Level 2.5 Dodging
 + Level 3.4 Stealth
 + Level 3.6 Spellcasting
 + Level 5.6 Necromancy


You had 7 spell levels left.
You knew the following spells:

 Your Spells              Type           Power        Failure   Level  Hunger
a - Pain                  Necr           ####         1%          1    None
b - Animate Skeleton      Necr           N/A          1%          1    None

Your spell library contained the following spells:

 Spells                   Type           Power        Failure   Level  Hunger
 Vampiric Draining        Necr           ####......   3%          3    ###....
 Regeneration             Chrm/Necr      ###.......   12%         3    ###....
 Animate Dead             Necr           N/A          13%         4    ####...


Dungeon Overview and Level Annotations

Branches:
Dungeon (2/15)

Altars:


Message History

Aiming: Pain (safe; 1% risk of failure)
Press: ? - help, Shift-Dir - straight line, f - gnoll
Aim: a gnoll, wielding a spear (chance to defeat MR: 89%)
The gnoll barely resists.
The gnoll misses you.
Casting: Pain (safe; 1% risk of failure)
Confirm with . or Enter, or press ? or * to list all spells.
Aiming: Pain (safe; 1% risk of failure)
Press: ? - help, Shift-Dir - straight line, f/p - gnoll
Aim: a gnoll, wielding a spear (chance to defeat MR: 89%)
The gnoll writhes in agony!
The gnoll hits you from afar with a spear.
* * * LOW HITPOINT WARNING * * *
Casting: Pain (safe; 1% risk of failure)
Confirm with . or Enter, or press ? or * to list all spells.
Aiming: Pain (safe; 1% risk of failure)
Press: ? - help, Shift-Dir - straight line, f/p - gnoll
Aim: a gnoll, wielding a spear (lightly wounded, chance to defeat MR: 89%)
The gnoll writhes in agony!
The gnoll hits you from afar with a spear.
You die...

## #....# .# #....# .#
##### #....# #. .# #...#
....# ... .# #...#
....#..#. .# #...#
#........
.#####...#######..#...#.
................@.......
.#####.######.##).##....
##.....# #.##g!# .
#............##..#
#............##...
##............##..##
...................
##......#####.##...
#......#####.#


You could see a gnoll.

Vanquished Creatures
  2 gnolls (D:2)
  A dart slug (D:1)
  3 leopard geckos
  2 bats (D:1)
  3 giant cockroaches (D:1)
  A goblin (D:1)
  A hobgoblin (D:1)
  5 jackals (D:1)
  2 frilled lizards (D:1)
  A kobold (D:1)
  A rat (D:1)
22 creatures vanquished.

Vanquished Creatures (collateral kills)
  An ooze (D:1)
  A goblin (D:1)
  4 rats (D:1)
6 creatures vanquished.

Grand Total: 28 creatures vanquished

Notes
Turn   | Place    | Note
-------+----------+-------------------------------------------
     0 | D:1      | Heliocid the Deep Elf Necromancer began the quest for the
                  | Orb.
     0 | D:1      | Reached XP level 1. HP: 10/10 MP: 6/6
    85 | D:1      | Reached skill level 5 in Necromancy
   385 | D:1      | Learned a level 1 spell: Animate Skeleton
   431 | D:1      | Reached XP level 2. HP: 11/15 MP: 5/8
   833 | D:1      | Reached XP level 3. HP: 12/19 MP: 6/10
  1438 | D:2      | Slain by a gnoll

Vault maps used:
D:1:      minmay_arrival_loop, minmay_rat_gold_closets
D:2:      lemuel_crystal_altar, wad_floor_pattern_untrapped, fedhas_altar_3

Skill      XL: |  1  2  3 |
---------------+----------+-----
Necromancy     | 5 |  5.6
Stealth        | 3 |  3.4
Dodging        | |  2.5
Spellcasting   | |  3.6

Action                   || total
-------------------------++-------
Melee: Short sword       ||    23
 Cast: Pain              ||    40
       Animate Skeleton  ||     6
Armor: Robe              ||     9
Dodge: Dodged            ||    28

Table legend:
 A = Non-vault XP
 B = Vault XP
 C = Vault XP percentage of total XP
 D = Non-vault monster count
 E = Vault monster count
 F = Vault count percentage of total count
                 A         B        C        D         E       F
            +---------+---------+-------+---------+---------+-------
      Total |      74 |       4 |   5.1 |      24 |       4 |  14.3
            +---------+---------+-------+---------+---------+-------
        D:1 |      43 |       4 |   8.5 |      21 |       4 |  16.0
        D:2 |      31 |       0 |   0.0 |       3 |       0 |   0.0
            +---------+---------+-------+---------+---------+-------
